 Dungeon Crawl Stone Soup version 0.29-a0-315-gaf6dd05e2f (webtiles) character file.

Game seed: 12054540565873979237

57 Inarius the Chopper (level 4, 0/35 HPs)
             Began as a Human Chaos Knight on Mar 29, 2022.
             Was a Plaything of Xom.
             Slain by a black bear (3 damage)
             ... on level 2 of the Dungeon.
             The game lasted 00:02:16 (1824 turns).

Inarius the Chopper (Human Chaos Knight)            Turns: 1824, Time: 00:02:17

Health: 0/35       AC:  5    Str: 12 (15) XL:     4   Next: 18%
Magic:  4/4        EV: 11    Int: 11 (12) God:    Xom [..*...]
Gold:   110        SH:  0    Dex: 10 (12) Spells: 3/3 levels left

rFire   . . .      SeeInvis .   a - +0 hand axe (chaos)
rCold   . . .      Faith    .   (no shield)
rNeg    . . .      Spirit   .   b - +2 leather armour
rPois   .          Reflect  .   (no helmet)
rElec   .          Harm     .   (no cloak)
rCorr   .          Rampage  .   (no gloves)
Will    .....                   (no boots)
Stlth   +.........              (no amulet)
HPRegen 0.11/turn               (no ring)
MPRegen 0.09/turn               (no ring)

@: no status effects
A: no striking features
a: Renounce Religion


You were on level 2 of the Dungeon.
You worshipped Xom.
You were a toy of Xom.
You visited 1 branch of the dungeon, and saw 3 of its levels.

You collected 110 gold pieces.

Inventory:

Hand Weapons
 a - a +0 hand axe of chaos (weapon)
Armour
 b - a +2 leather armour (worn)
Scrolls
 e - a scroll of immolation {unknown}
 g - a scroll of magic mapping {unknown}
 h - a scroll of blinking {unknown}
 i - 2 scrolls of identify {unknown}
 l - a scroll of silence {unknown}
 m - a scroll of teleportation {unknown}
 o - a scroll of torment {unknown}
 p - a scroll of amnesia {unknown}
Potions
 j - a potion of mutation {unknown}
 k - a potion of invisibility {unknown}
Miscellaneous
 c - a piece from Xom's chessboard (14/15) (quivered)


   Skills:
 + Level 3.3 Fighting
 * Level 4.2 Axes
 + Level 2.1 Armour
 - Level 1.2 Dodging
 * Level 0.6 Evocations


You had 3 spell levels left.
You didn't know any spells.
Your spell library contained the following spells:

 Spells                   Type           Power      Damage    Failure   Level
 Magic Dart               Conj           0%         1d3       41%         1
 Corpse Rot               Necr/Air       0%         N/A       56%         2
 Poisonous Vapours        Pois/Air       0%         N/A       56%         2
 Searing Ray              Conj           0%         2d4       56%         2
 Fulminant Prism          Conj/Hex       0%         3d6       99%         4


Dungeon Overview and Level Annotations

Branches:
Dungeon (3/15)

Altars:
Qazlal

Shops:
D:2 !

Portals:
Sewer: D:3


Message History

The black bear closely misses you.
You feel better.
The black bear bites you but does no damage.
The black bear claws you.
* * * LOW HITPOINT WARNING * * *
The black bear barely misses you.
It was a potion of heal wounds.
You feel much better.
The black bear bites you but does no damage.
The black bear claws you.
The black bear claws you but does no damage.
You hit the black bear.
The black bear is poisoned.
The black bear is heavily wounded.
The black bear barely misses you.
The black bear claws you but does no damage.
The black bear misses you.
You hit the black bear. You freeze the black bear.
The black bear is almost dead.
The black bear bites you.
The black bear claws you but does no damage. x2
You hit the black bear but do no damage.
The black bear easily resists.
The black bear is almost dead.
The black bear goes berserk!
You closely miss the black bear.
The black bear is almost dead.
The black bear misses you. The black bear closely misses you.
The black bear claws you.
You emit a cloud of colourful smoke!
The black bear bites you but does no damage.
The black bear claws you. x2
You completely miss the black bear.
The black bear is almost dead.
The black bear is no longer unusually agile.
The black bear barely misses you. The black bear claws you.
* * * LOW HITPOINT WARNING * * *
The black bear claws you but does no damage.
The black bear bites you.
* * * LOW HITPOINT WARNING * * *
The black bear claws you.
You die...

#.......####......#.# #.
#.##.#.## ####(#.#.# #.
#.##.#.########.....# #.
#......##...>...#.#### #.
####.####............# ########.
#.# #.......#.##.###........ #.#
#....................... ####.#
#......h#......#........ #....#
#.....§@####.#.########. #.#..#
#.....§§###.......# #. #...##
######......#####.# #. ###.####
######.#.###.# #. .......#
#..#.##.# #. .##.##.# #.#.###.#
#. .##.##.####### #.#####.#####.
.##..........#######.)..........#
.#####.#####...........##.###..##


You could see a black bear (berserk, very poisoned).

Vanquished Creatures
  2 adders (D:2)
  A worm (D:2)
  A dart slug (D:2)
  2 endoplasms
  5 goblins
  2 hobgoblins
  3 jackals (D:1)
  2 kobolds (D:1)
  A quokka (D:2)
  5 ball pythons
  3 bats (D:1)
  3 frilled lizards (D:1)
  A rat (D:1)
31 creatures vanquished.

Vanquished Creatures (others)
  4 plants (D:1)
  8 withered plants (D:1)
12 creatures vanquished.

Grand Total: 43 creatures vanquished

Notes
Turn   | Place    | Note
-------+----------+-------------------------------------------
     0 | D:1      | Inarius the Human Chaos Knight began the quest for the Orb.
     0 | D:1      | Reached XP level 1. HP: 18/18 MP: 1/1
    82 | D:1      | Reached XP level 2. HP: 14/24 MP: 2/2
   488 | D:1      | XOM: noise
   509 | D:1      | XOM: noise
   522 | D:1      | Reached XP level 3. HP: 20/29 MP: 3/3
   641 | D:1      | Found a faded altar of an unknown god.
   765 | D:1      | XOM: divination: detect creatures
   857 | D:2      | Found Taciung's Distillery.
   943 | D:2      | XOM: silly message
  1217 | D:2      | Found a stormy altar of Qazlal.
  1260 | D:1      | XOM: noise
  1266 | D:1      | Reached skill level 4 in Axes
  1550 | D:2      | XOM: polymorph quokka -> hobgoblin
  1665 | D:2      | XOM: noise
  1671 | D:2      | Reached XP level 4. HP: 31/35 MP: 4/4
  1791 | D:3      | Noticed a black bear
  1791 | D:3      | Found a glowing drain.
  1823 | D:2      | XOM: smoke on damage
  1824 | D:2      | Slain by a black bear

Illustrated notes

Levels and vault maps discovered:
D:1:      psy_arrival_spokes, layout_basic,
          shapermc_ecumenical_altar_flowoftime, chequers_avenue,
          kennysheep_nondescript, minmay_ruptured
D:2:      layout_loops_cross, serial_shops, shop, basic_altar
D:3:      layout_rooms, mainiacjoe_overflow_alcove_2, gup_sewer_entry_glass,
          minmay_divided_ellipse

Skill      XL: |  1  2  3 |
---------------+----------+-----
Axes           | 4 |  4.2
Fighting       | |  3.3
Armour         | |  2.1
Dodging        | |  1.2
Evocations     | |  0.6

Action                   |  1- 3 |  4- 6 || total
-------------------------+-------+-------++-------
Melee: Hand axe          |    99 |    14 ||   113
Evoke: Piece from Xom's  |       |     1 ||     1
  Use: Potion            |       |     4 ||     4
 Stab: Petrifying        |     2 |       ||     2
Armor: Leather armour    |    45 |    17 ||    62
Dodge: Dodged            |    72 |    23 ||    95

Table legend: (Time is in decaauts)
 A = Elapsed time spent in this place.
 B = Non-inter-level travel time spent in this place.
 C = Inter-level travel time spent in this place.
 D = Time resting spent in this place.
 E = Time spent auto-exploring this place.
 F = Levels seen in this place.
 G = Mean time per level.
                   A        B        C        D        E       F      G
               +--------+--------+--------+--------+--------+-----+--------+
         Total |   1838 |   1783 |     55 |    261 |   1237 |   3 |  612.7 |
       Dungeon |   1838 |   1783 |     55 |    261 |   1237 |   3 |  612.7 |
               +--------+--------+--------+--------+--------+-----+--------+

Top non-repeatable levels by time:
     D:1: 1032 daAuts
     D:2: 803 daAuts
     D:3: 2 daAuts
